TOP OF THE 1ST |
Milwaukee Brewers batting - Pitching for Detroit Tigers : RHP Caleb Franklin
|
Pitching: RHP Caleb Franklin
|
|
Batting: RHB Akitada Nishizawa
|
0-0: Ball 1-0: Ball 2-0: Called Strike 2-1: Called Strike 2-2: Fly out, F8 (Flyball, 8RD, EV 108.8 MPH)
|
Batting: SHB Junzo Kato
|
0-0: Called Strike 0-1: Ball 1-1: Ball 2-1: Foul Ball, location: 2F 2-2: Ball 3-2: Base on Balls
|
Batting: SHB Lewis Thorpe Jr.
|
0-0: Foul Ball, location: 2F 0-1: Foul Ball, location: 2F 0-2: Ball 1-2: Ball 2-2: Foul Ball, location: 2F 2-2: Ball 3-2: Foul Ball, location: 2F 3-2: Foul Ball, location: 2F 3-2: SINGLE (Groundball, 56S, EV 67.5 MPH) (infield hit) Junzo Kato to second
|
Batting: LHB Ernesto Cedillos
|
0-0: Foul Ball, location: 2F 0-1: Called Strike 0-2: Ball 1-2: Foul Ball, location: 2F 1-2: Ball 2-2: Strikes out swinging
|
Batting: RHB Dave Gonzalez
|
0-0: Called Strike 0-1: Fly out, F7 (Flyball, 7LD, EV 104.4 MPH)
|
Top of the 1st over - 0 runs, 1 hit, 0 errors, 2 left on base; Milwaukee 0 - Detroit 0 |
BOTTOM OF THE 1ST |
Detroit Tigers batting - Pitching for Milwaukee Brewers : LHP Dale Ahernfeld
|
Pitching: LHP Dale Ahernfeld
|
|
Batting: RHB Dave Reynolds
|
0-0: Ball 1-0: Ball 2-0: Called Strike 2-1: Called Strike 2-2: Ball 3-2: Fly out, F8 (Flyball, 8RD, EV 89.4 MPH)
|
Batting: RHB Andres Leon
|
0-0: Called Strike 0-1: Swinging Strike 0-2: Foul Ball, location: 2F 0-2: Foul Ball, location: 2F 0-2: Ball 1-2: Ball 2-2: Ball 3-2: Ground out 4-3 (Groundball, 4S, EV 90.6 MPH)
|
Batting: LHB Morgan Black
|
0-0: Called Strike 0-1: SINGLE (Groundball, 4S, EV 61.9 MPH) (infield hit)
|
Batting: RHB Chris Wheatley
|
0-0: Called Strike 0-1: Ball 1-1: Ball 2-1: Called Strike 2-2: Foul Ball, location: 2F 2-2: Ball 3-2: Foul Ball, location: 2F 3-2: Base on Balls Morgan Black to second
|
Batting: SHB Ross Holland
|
0-0: Foul Ball, location: 2F 0-1: Ground out 5-3 (Groundball, 56S, EV 88.8 MPH)
|
Bottom of the 1st over - 0 runs, 1 hit, 0 errors, 2 left on base; Milwaukee 0 - Detroit 0 |
TOP OF THE 2ND |
Milwaukee Brewers batting - Pitching for Detroit Tigers : RHP Caleb Franklin
|
Batting: SHB Pat Wilson
|
0-0: Ball 1-0: Called Strike 1-1: Ball 2-1: Foul Ball, location: 2F 2-2: Strikes out swinging
|
Batting: RHB Noah Stanley
|
0-0: Called Strike 0-1: Ball 1-1: Ball 2-1: Fly out, F9 (Flyball, 9D, EV 90.0 MPH)
|
Batting: RHB Kisho Ito
|
0-0: SINGLE (Flyball, 34D, EV 87.5 MPH)
|
Batting: RHB Colin Boddy
|
0-0: Called Strike 0-1: Swinging Strike 0-2: Fly out, F3 (Popup, 3SF, EV 67.5 MPH)
|
Top of the 2nd over - 0 runs, 1 hit, 0 errors, 1 left on base; Milwaukee 0 - Detroit 0 |
BOTTOM OF THE 2ND |
Detroit Tigers batting - Pitching for Milwaukee Brewers : LHP Dale Ahernfeld
|
Batting: LHB Tyler Davis
|
0-0: Ball 1-0: Ball 2-0: Swinging Strike 2-1: Fly out, F7 (Flyball, 7, EV 93.8 MPH)
|
Batting: RHB Dan Friess
|
0-0: Called Strike 0-1: Ball 1-1: Foul Ball, location: 2F 1-2: Ball 2-2: Strikes out swinging
|
Batting: RHB Willis Morales
|
0-0: Ball 1-0: Ground out 6-3 (Groundball, P, EV 85.6 MPH)
|
Bottom of the 2nd over - 0 runs, 0 hits, 0 errors, 0 left on base; Milwaukee 0 - Detroit 0 |
TOP OF THE 3RD |
Milwaukee Brewers batting - Pitching for Detroit Tigers : RHP Caleb Franklin
|
Batting: RHB Akitada Nishizawa
|
0-0: Called Strike 0-1: Ball 1-1: Ball 2-1: Ball 3-1: Ground out 5-3 (Groundball, 56, EV 95.0 MPH)
|
Batting: SHB Junzo Kato
|
0-0: Foul Ball, location: 2F 0-1: Ball 1-1: Ball 2-1: Foul Ball, location: 2F 2-2: Strikes out swinging
|
Batting: SHB Lewis Thorpe Jr.
|
0-0: Foul Ball, location: 2F 0-1: Fly out, F9 (Flyball, 9LS, EV 90.6 MPH)
|
Top of the 3rd over - 0 runs, 0 hits, 0 errors, 0 left on base; Milwaukee 0 - Detroit 0 |
BOTTOM OF THE 3RD |
Detroit Tigers batting - Pitching for Milwaukee Brewers : LHP Dale Ahernfeld
|
Batting: RHB Rich Stinson
|
0-0: Ball 1-0: Ball 2-0: Foul Ball, location: 2F 2-1: Called Strike 2-2: Foul Ball, location: 2F 2-2: Strikes out swinging
|
Batting: RHB Dave Reynolds
|
0-0: SOLO HOME RUN (Flyball, 9D, EV 101.9 MPH), Distance : 382 ft
|
Batting: RHB Andres Leon
|
0-0: Called Strike 0-1: Ball 1-1: SINGLE (Groundball, 56D, EV 108.1 MPH)
|
Batting: LHB Morgan Black
|
0-0: Called Strike 0-1: Ball 1-1: Foul Ball, location: 2F 1-2: Strikes out swinging
|
Batting: RHB Chris Wheatley
|
0-0: Ball 1-0: Foul Ball, location: 2F 1-1: Foul Ball, location: 2F 1-2: Foul Ball, location: 2F 1-2: Fielders Choice at 2nd, 5-4 (Groundball, 56, EV 81.9 MPH)
|
Bottom of the 3rd over - 1 run, 2 hits, 0 errors, 1 left on base; Milwaukee 0 - Detroit 1 |
TOP OF THE 4TH |
Milwaukee Brewers batting - Pitching for Detroit Tigers : RHP Caleb Franklin
|
Batting: LHB Ernesto Cedillos
|
0-0: Ball 1-0: Swinging Strike 1-1: Ball 2-1: Foul Ball, location: 2F 2-2: Foul Ball, location: 2F 2-2: Ball 3-2: Base on Balls
|
Batting: RHB Dave Gonzalez
|
0-0: Called Strike 0-1: Fielders Choice at 2nd, 4-6 (Groundball, 13, EV 91.9 MPH)
|
Batting: SHB Pat Wilson
|
0-0: Ball 1-0: Ball 2-0: Foul Ball, location: 2F 2-1: Fly out, F9 (Line Drive, 9, EV 94.4 MPH)
|
Batting: RHB Noah Stanley
|
0-0: Foul Ball, location: 2F 0-1: Swinging Strike 0-2: Ball 1-2: Foul Ball, location: 2F 1-2: Fly out, F9 (Flyball, 89M, EV 88.8 MPH)
|
Top of the 4th over - 0 runs, 0 hits, 0 errors, 1 left on base; Milwaukee 0 - Detroit 1 |
BOTTOM OF THE 4TH |
Detroit Tigers batting - Pitching for Milwaukee Brewers : LHP Dale Ahernfeld
|
Batting: SHB Ross Holland
|
0-0: Ground out 6-3 (Groundball, 6, EV 101.2 MPH)
|
Batting: LHB Tyler Davis
|
0-0: Fly out, F4 (Popup, 34, EV 80.0 MPH)
|
Batting: RHB Dan Friess
|
0-0: Ball 1-0: SINGLE (Line Drive, 89S, EV 91.2 MPH)
|
Batting: RHB Willis Morales
|
0-0: Ground out 4-3 (Groundball, 4, EV 85.6 MPH)
|
Bottom of the 4th over - 0 runs, 1 hit, 0 errors, 1 left on base; Milwaukee 0 - Detroit 1 |
TOP OF THE 5TH |
Milwaukee Brewers batting - Pitching for Detroit Tigers : RHP Caleb Franklin
|
Batting: RHB Kisho Ito
|
0-0: Swinging Strike 0-1: Ball 1-1: Ground out U3 (Groundball, 34, EV 94.4 MPH)
|
Batting: RHB Colin Boddy
|
0-0: Ball 1-0: Fly out, F4 (Popup, 4, EV 58.1 MPH)
|
Batting: RHB Akitada Nishizawa
|
0-0: Foul Ball, location: 2F 0-1: Fly out, F8 (Flyball, 89D, EV 90.0 MPH)
|
Top of the 5th over - 0 runs, 0 hits, 0 errors, 0 left on base; Milwaukee 0 - Detroit 1 |
BOTTOM OF THE 5TH |
Detroit Tigers batting - Pitching for Milwaukee Brewers : LHP Dale Ahernfeld
|
Batting: RHB Rich Stinson
|
0-0: DOUBLE (Flyball, 8RXD, EV 99.4 MPH)
|
Pinch Runner at 2nd Adam Weber:
|
|
Batting: RHB Dave Reynolds
|
0-0: Foul Ball, location: 2F 0-1: Called Strike 0-2: Foul Ball, location: 2F 0-2: Strikes out looking
|
Batting: RHB Andres Leon
|
0-0: Called Strike 0-1: Fly out, F9 (Line Drive, 9, EV 106.9 MPH)
|
Batting: LHB Morgan Black
|
0-0: Ground out U3 (Groundball, 34, EV 91.2 MPH)
|
Bottom of the 5th over - 0 runs, 1 hit, 0 errors, 1 left on base; Milwaukee 0 - Detroit 1 |
TOP OF THE 6TH |
Milwaukee Brewers batting - Pitching for Detroit Tigers : RHP Caleb Franklin
|
Now in RF: Adam Weber
|
|
Batting: SHB Junzo Kato
|
0-0: Ball 1-0: Ball 2-0: Foul Ball, location: 2F 2-1: Ground out 3-1 (Groundball, 34S, EV 82.5 MPH)
|
Batting: SHB Lewis Thorpe Jr.
|
0-0: Foul Ball, location: 2F 0-1: Ball 1-1: Foul Ball, location: 2F 1-2: Ball 2-2: TRIPLE (Flyball, 8RXD, EV 92.5 MPH)
|
Batting: LHB Ernesto Cedillos
|
0-0: Hit by Pitch
|
Batting: RHB Dave Gonzalez
|
0-0: Called Strike 0-1: Ball 1-1: Ball 2-1: Ball 3-1: Swinging Strike 3-2: Strikes out looking
|
Batting: SHB Pat Wilson
|
0-0: Ball 1-0: Ball 2-0: Foul Ball, location: 2F 2-1: Ball 3-1: Base on Balls Ernesto Cedillos to second
|
Batting: RHB Noah Stanley
|
0-0: Ball 1-0: Swinging Strike 1-1: Foul Ball, location: 2F 1-2: Ball 2-2: Fly out, F7 (Flyball, 7, EV 90.6 MPH)
|
Top of the 6th over - 0 runs, 1 hit, 0 errors, 3 left on base; Milwaukee 0 - Detroit 1 |
BOTTOM OF THE 6TH |
Detroit Tigers batting - Pitching for Milwaukee Brewers : LHP Dale Ahernfeld
|
Batting: RHB Chris Wheatley
|
0-0: Ball 1-0: Foul Ball, location: 2F 1-1: Swinging Strike 1-2: Ball 2-2: Ball 3-2: Strikes out swinging
|
Batting: SHB Ross Holland
|
0-0: Swinging Strike 0-1: Foul Ball, location: 2F 0-2: Ball 1-2: Ball 2-2: Strikes out swinging
|
Batting: LHB Tyler Davis
|
0-0: Swinging Strike 0-1: Ball 1-1: Ground out 4-3 (Groundball, 4D, EV 81.9 MPH)
|
Bottom of the 6th over - 0 runs, 0 hits, 0 errors, 0 left on base; Milwaukee 0 - Detroit 1 |
TOP OF THE 7TH |
Milwaukee Brewers batting - Pitching for Detroit Tigers : RHP Caleb Franklin
|
Batting: RHB Kisho Ito
|
0-0: Swinging Strike 0-1: Ball 1-1: Fly out, F8 (Line Drive, 8RM, EV 96.9 MPH)
|
Batting: RHB Colin Boddy
|
0-0: Ball 1-0: Ball 2-0: Swinging Strike 2-1: Ball 3-1: Foul Ball, location: 2F 3-2: Foul Ball, location: 2F 3-2: Ground out 5-3 (Groundball, 56, EV 82.5 MPH)
|
Batting: RHB Akitada Nishizawa
|
0-0: Ball 1-0: Ball 2-0: Ball 3-0: Called Strike 3-1: Base on Balls
|
Pitching: RHP Steve McGaughey
|
|
Batting: SHB Junzo Kato
|
0-0: Called Strike Akitada Nishizawa steals 2nd base (no throw) 0-1: Foul Ball, location: 2F 0-2: Foul Ball, location: 2F 0-2: Ball 1-2: Ball 2-2: Ball 3-2: Foul Ball, location: 2F 3-2: Ground out 2-3 (Groundball, 2R, EV 61.2 MPH)
|
Top of the 7th over - 0 runs, 0 hits, 0 errors, 1 left on base; Milwaukee 0 - Detroit 1 |
BOTTOM OF THE 7TH |
Detroit Tigers batting - Pitching for Milwaukee Brewers : LHP Dale Ahernfeld
|
Pitching: LHP Angel Contreras
|
|
Batting: RHB Dan Friess
|
0-0: Ball 1-0: SINGLE (Groundball, 56D, EV 101.2 MPH)
|
Batting: RHB Willis Morales
|
0-0: Foul Ball, location: 2F 0-1: Swinging Strike 0-2: Strikes out swinging
|
Batting: SHB Adam Weber
|
0-0: Ball 1-0: SINGLE (Line Drive, 6MD, EV 99.4 MPH) Dan Friess to second
|
Batting: RHB Dave Reynolds
|
0-0: Foul Ball, location: 2F 0-1: Fly out, F8 (Flyball, 8LXD, EV 95.6 MPH)
|
Batting: RHB Andres Leon
|
0-0: Ball 1-0: Foul Ball, location: 2F 1-1: Foul Ball, location: 2F 1-2: Ball 2-2: Ball 3-2: Foul Ball, location: 2F 3-2: Fly out, F9 (Flyball, 9, EV 94.4 MPH)
|
Bottom of the 7th over - 0 runs, 2 hits, 0 errors, 2 left on base; Milwaukee 0 - Detroit 1 |
TOP OF THE 8TH |
Milwaukee Brewers batting - Pitching for Detroit Tigers : RHP Steve McGaughey
|
Batting: SHB Lewis Thorpe Jr.
|
0-0: Foul Ball, location: 2F 0-1: Foul Ball, location: 2F 0-2: Ball 1-2: Ball 2-2: Ball 3-2: Foul Ball, location: 2F 3-2: SINGLE (Groundball, 56D, EV 92.5 MPH) (infield hit)
|
Batting: LHB Ernesto Cedillos
|
0-0: Ball 1-0: Fly out, F8 (Line Drive, 8RM, EV 104.4 MPH)
|
Batting: RHB Dave Gonzalez
|
0-0: Ball 1-0: Ball 2-0: Called Strike 2-1: Foul Ball, location: 2F 2-2: Strikes out swinging
|
Batting: SHB Pat Wilson
|
0-0: Swinging Strike 0-1: Swinging Strike 0-2: Strikes out swinging
|
Top of the 8th over - 0 runs, 1 hit, 0 errors, 1 left on base; Milwaukee 0 - Detroit 1 |
BOTTOM OF THE 8TH |
Detroit Tigers batting - Pitching for Milwaukee Brewers : LHP Angel Contreras
|
Batting: LHB Morgan Black
|
0-0: Called Strike 0-1: Ball 1-1: Ball 2-1: Ball 3-1: Swinging Strike 3-2: Foul Ball, location: 2F 3-2: Foul Ball, location: 2F 3-2: SOLO HOME RUN (Flyball, 9D, EV 100.0 MPH), Distance : 410 ft
|
Batting: RHB Chris Wheatley
|
0-0: Called Strike 0-1: Fly out, F2 (Popup, 15S, EV 80.6 MPH)
|
Batting: SHB Ross Holland
|
0-0: Called Strike 0-1: Ball 1-1: Ball 2-1: Ball 3-1: Foul Ball, location: 2F 3-2: Strikes out looking
|
Batting: LHB Tyler Davis
|
0-0: Ball 1-0: Ball 2-0: Called Strike 2-1: Called Strike 2-2: Ball 3-2: Strikes out swinging
|
Bottom of the 8th over - 1 run, 1 hit, 0 errors, 0 left on base; Milwaukee 0 - Detroit 2 |
TOP OF THE 9TH |
Milwaukee Brewers batting - Pitching for Detroit Tigers : RHP Steve McGaughey
|
Pitching: RHP Chris McCurdy
|
|
Batting: RHB Noah Stanley
|
0-0: Ball 1-0: Called Strike 1-1: Swinging Strike 1-2: Ball 2-2: Strikes out swinging
|
Pinch Hitting: LHB Eric Klasek
|
0-0: Called Strike 0-1: Called Strike 0-2: Ball 1-2: Ball 2-2: Strikes out swinging
|
Batting: RHB Colin Boddy
|
0-0: Swinging Strike 0-1: Called Strike 0-2: Strikes out swinging
|
Top of the 9th over - 0 runs, 0 hits, 0 errors, 0 left on base; Milwaukee 0 - Detroit 2 |
|